 Dungeon Crawl Stone Soup version 0.18-a0-1024-gf1736fb (webtiles) character file.

972 suvakkihuora the Cleaver (level 8, -4/64 HPs)
             Began as a Hill Orc Fighter on Jan 7, 2016.
             Was an Initiate of Fedhas.
             Slain by a fire elemental (13 damage)
             ... created by the adversity of Qazlal
             ... in the Ecumenical Temple.
             The game lasted 00:09:41 (1716 turns).

suvakkihuora the Cleaver (Hill Orc Fighter)         Turns: 1716, Time: 00:09:42

Health: -4/64      AC:  6    Str: 21    XL:     8   Next: 16%
Magic:  8/8        EV:  7    Int:  8    God:    Fedhas [......]
Gold:   172        SH:  8    Dex: 10    Spells: 0 memorised, 7 levels left

rFire  . . .     SeeInvis .     a - +1 war axe
rCold  . . .     Gourm    .     b - +0 scale mail
rNeg   + . .     Faith    .     c - +0 shield
rPois  .         Spirit   .     (no helmet)
rElec  .         Dismiss  .     (no cloak)
rCorr  +         Reflect  .     (no gloves)
SustAt .         Harm     .     (no boots)
MR     .....                    (no amulet)
Stlth  ..........               m - ring of resist corrosion
                                d - ring of positive energy

@: about to teleport, not resistant to hostile enchantments, extremely
unstealthy
A: no striking features
a: Renounce Religion


You were in the Ecumenical Temple.
You worshipped Fedhas.
Fedhas was noncommittal.
You were hungry.

You visited 2 branches of the dungeon, and saw 8 of its levels.
You also visited: Ossuary.

You collected 172 gold pieces.

Inventory:

Hand Weapons
 a - a +1 war axe (weapon)
Armour
 b - a +0 scale mail (worn)
 c - a +0 shield (worn)
Jewellery
 d - a ring of positive energy (left hand)
 k - an uncursed ring of stealth
 m - a ring of resist corrosion (right hand)
Wands
 h - a wand of disintegration (0/24)
Scrolls
 e - 7 scrolls of identify
 l - a scroll of amnesia
 q - a scroll of silence {unknown}
 u - 3 scrolls of vulnerability
 v - a scroll of blinking {unknown}
 w - a scroll of remove curse
Potions
 g - a potion of agility {unknown}
 j - 2 potions of curing
 n - a potion of resistance {unknown}
 s - a potion of magic
 t - 2 potions of lignification {unknown}
Comestibles
 f - 3 bread rations
 i - 2 meat rations
 x - 4 chunks of flesh


   Skills:
 - Level 3.6(1.8) Fighting
 * Level 11.9(7.9) Axes
 - Level 3.2(1.6) Armour
 - Level 3.2(1.6) Shields


You had 7 spell levels left.
You didn't know any spells.

Dungeon Overview and Level Annotations

Branches:
Dungeon (7/15)             Temple (1/1) D:6

Altars:
Ashenzari
Dithmenos
Elyvilon
Fedhas
Gozag
Makhleb
Pakellas
Qazlal
Ru
Sif Muna
Xom
Zin
The Shining One

Annotations:
D:4 Eustachio


Message History

* * * LOW HITPOINT WARNING * * *
Unknown command.
Read which item? (? for menu, Esc to quit)
Okay, then.
Unknown command.
With effort, you pull free of the water engulfing you.
You gasp with relief as air once again reaches your lungs.
The water elemental hits you.
* * * LOW HITPOINT WARNING * * *
The water elemental engulfs you in water!
With effort, you pull free of the water engulfing you.
You gasp with relief as air once again reaches your lungs.
The fire elemental closely misses you. The water elemental barely misses you.
Read which item? (? for menu, Esc to quit)
As you read the scroll labeled ULUFAO HENOEV, it crumbles to dust.
You feel strangely unstable.
It was a scroll of teleportation.
The fire elemental hits you. The fire elemental burns you!
You die...
Xom roars with laughter!
Fedhas appreciates your contribution to the ecosystem.

.....⌠...⌠....
........................
........................
...._.......⌠....<....⌠.
........................
........................
...............⌠...⌠....
......_.................
.......@E...............
........E§..............
#........._.............
###.............._......
###...................
####................
#####...........#
#############


You could see a water elemental and a fire elemental.

Vanquished Creatures
  Grinder (D:3)
  Prince Ribbit (D:6)
  Sigmund (D:4)
  An ogre (D:6)
  2 elf zombies (Ossuary)
  A human zombie (Ossuary)
  3 orc wizards
  Ijyb (D:2)
  2 hound zombies
  4 mummies (Ossuary)
  Robin (D:3)
  6 adders
  An ooze (D:3)
  An adder zombie (Ossuary)
  A worm (D:4)
  A giant gecko (D:6)
  8 orcs
  3 ball pythons
  3 giant cockroaches (D:6)
  4 hobgoblins
  5 jackals
  A kobold (D:3)
  2 quokkas (D:6)
  A bat (D:3)
  A giant newt (D:3)
  10 goblins (D:3)
  2 hobgoblin zombies (Ossuary)
  A jackal skeleton (D:4)
  4 jackal zombies
  A kobold zombie (Ossuary)
  A rat (D:2)
  A rat zombie (Ossuary)
76 creatures vanquished.

Vanquished Creatures (others)
  An orc priest (D:3)
  An orc (D:3)
2 creatures vanquished.

Grand Total: 78 creatures vanquished

Notes
Turn   | Place    | Note
--------------------------------------------------------------
     0 | D:1      | suvakkihuora the Hill Orc Fighter began the quest for the Orb.
     0 | D:1      | Reached XP level 1. HP: 19/19 MP: 1/1
    32 | D:2      | Found an opulent altar of Gozag.
    72 | D:2      | Noticed Ijyb
    93 | D:2      | Killed Ijyb
    93 | D:2      | Reached skill level 4 in Axes
    93 | D:2      | Reached XP level 2. HP: 20/26 MP: 2/2
    93 | D:2      | Reached XP level 3. HP: 23/31 MP: 3/3
   168 | D:2      | Found a stormy altar of Qazlal.
   175 | D:2      | Became a worshipper of Qazlal Stormbringer
   201 | D:3      | Reached skill level 5 in Axes
   259 | D:3      | Noticed Robin
   277 | D:3      | Noticed Grinder
   280 | D:3      | Fell from the grace of Qazlal
   280 | D:3      | Became a worshipper of Beogh the Brigand
   289 | D:3      | Killed Robin
   289 | D:3      | Reached XP level 4. HP: 25/39 MP: 4/4
   299 | D:3      | Killed Grinder
   299 | D:3      | Reached skill level 6 in Axes
   299 | D:3      | Reached XP level 5. HP: 12/45 MP: 5/5
   360 | D:4      | Reached skill level 7 in Axes
   395 | D:4      | Reached * piety under Beogh
   515 | D:4      | Noticed Sigmund
   523 | D:4      | Killed Sigmund
   523 | D:4      | Reached skill level 8 in Axes
   523 | D:4      | Reached XP level 6. HP: 37/51 MP: 6/6
   545 | D:4      | Noticed Eustachio
   558 | D:4      | Noticed an orc warrior
   693 | D:5      | Entered Level 5 of the Dungeon
   806 | D:6      | Reached skill level 9 in Axes
   832 | D:6      | Found a sand-covered staircase.
   841 | Ossuary  | Entered an ossuary
   871 | Ossuary  | Reached XP level 7. HP: 12/57 MP: 7/7
   880 | Ossuary  | Reached skill level 10 in Axes
  1411 | D:6      | Noticed Prince Ribbit
  1446 | D:6      | Killed Prince Ribbit
  1446 | D:6      | Reached skill level 11 in Axes
  1446 | D:6      | Reached XP level 8. HP: 7/64 MP: 8/8
  1481 | D:6      | Found a staircase to the Ecumenical Temple.
  1483 | D:6      | Reached ** piety under Beogh
  1658 | Temple   | Entered the Ecumenical Temple
  1666 | Temple   | Fell from the grace of Beogh
  1666 | Temple   | Became a worshipper of Pakellas the Inventive
  1671 | Temple   | Fell from the grace of Pakellas
  1671 | Temple   | Became a worshipper of Ashenzari the Shackled
  1676 | Temple   | Fell from the grace of Ashenzari
  1676 | Temple   | Became a worshipper of Elyvilon the Healer
  1684 | Temple   | Fell from the grace of Elyvilon
  1684 | Temple   | Became a worshipper of Xom of Swiftly Tilting Intent
  1689 | Temple   | Fell from the grace of Xom
  1689 | Temple   | Became a worshipper of Fedhas Madash
  1701 | Temple   | Noticed a water elemental
  1701 | Temple   | Noticed a fire elemental
  1716 | Temple   | Slain by a fire elemental

Vault maps used:
D:1:      saegor_arrival_simple_a, serial_forest, infiniplex_forest_clump_tiny,
          infiniplex_forest_clump_tiny, infiniplex_forest_clump_tiny,
          infiniplex_forest_clump_curved, infiniplex_forest_straight_1,
          infiniplex_forest_clump_diagonal, infiniplex_forest_clump_tiny,
          infiniplex_forest_clump_small, infiniplex_forest_end_2
D:2:      lemuel_coloured_pillars_altar, nicolae_qazlal_eye_of_the_storm,
          old_standard_altar, first_bread, uniq_natasha, uniq_iyjb
D:3:      minmay_misc_feat_more_columns, uniq_grinder, uniq_robin
D:4:      okawaru_altar_gauntlet_db, uniq_eustachio, uniq_sigmund
D:5:      marbit_many_paths, nicolae_overflow_crystal_walls,
          uniq_crazy_yiuf_cottage
D:6:      kennysheep_spiral_hall, minmay_temple_entry_statues_pillars,
          gup_sewer_entry_glass, nicolae_ossuary_entry_monument,
          uniq_prince_ribbit1
D:7:      vehumet_statue, nemelex_xobeh_ov_fountains_minmay
Temple:   circular_temple_12
Ossuary:  ossuary_minmay_tomb_2a

Action                   |  1- 3 |  4- 6 |  7- 9 || total
-------------------------+-------+-------+-------++-------
Melee: War axe           |    55 |    81 |    90 ||   226
Evoke: Wand              |       |     2 |       ||     2
  Use: Potion            |       |     1 |     6 ||     7
       Scroll            |       |       |     4 ||     4
  Eat: Beef jerky        |       |       |     1 ||     1
       Chunk             |       |       |     1 ||     1
